 Dungeon Crawl Stone Soup version 0.31-a0-455-g1a7b003ef0 (webtiles) character file.

Game seed: 535175854935674071

1760089 Shard1697 the Purifying Minotaur (level 26, 385/385 HPs)
             Began as a Minotaur Artificer on Aug 3, 2023.
             Was a High Priest of Elyvilon.
             Escaped with the Orb
             ... and 3 runes!
             The game lasted 02:28:32 (62210 turns).

Shard1697 the Purifying Minotaur (MiAr)            Turns: 62210, Time: 02:28:32

Health: 385/385    AC: 42    Str: 34    XL:     26   Next: 34%
Magic:  58/58      EV: 24    Int: 10    God:    Elyvilon [*****.]
Gold:   4025       SH:  0    Dex: 19    Spells: 25/25 levels left

rFire   + . .        a - +9 great mace (spect)
rCold   . . .        (shield currently unavailable)
rNeg    + . .        P - +10 pearl dragon scales
rPois   +            M - +1 hat
rElec   .            B - +2 cloak of the Thief {*Fog Slay-2 SInv Stlth+}
rCorr   .            z - +2 pair of gloves {Str+3}
SInv    +            y - +0 pair of boots
Will    +....        S - amulet "Gyshano" {Spirit Dex+3}
Stlth   +            f - ring of Ydghist {Str+6 Dex+3 Slay+6}
HPRegen 0.84/turn    G - ring "Cidduwuaf" {rPois rF+ Int+2 Dex-2}
MPRegen 0.36/turn

%: guardian spirit
@: divinely vigorous, studying Summonings
A: horns 2, retaliatory headbutt, deterioration 1
0: Orb of Zot
}: 3/15 runes: serpentine, barnacled, abyssal
a: Renounce Religion, Purification, Heal Other, Heal Self, Divine Vigour


You escaped.
You worshipped Elyvilon.
Elyvilon was extremely pleased with you.
You visited 8 branches of the dungeon, and saw 43 of its levels.
You visited the Abyss 2 times.
You visited 1 bazaar.
You also visited: Bailey and Ice Cave.

You collected 7011 gold pieces.
You spent 2986 gold pieces at shops.

Inventory:

Hand Weapons
 a - a +9 spectral great mace (weapon)
 b - a +1 battleaxe of electrocution
Armour
 y - a +0 pair of boots (worn)
 z - a +2 pair of gloves of strength (worn)
 B - the +2 cloak of the Thief (worn) {*Fog Slay-2 SInv Stlth+}
   (You acquired it on level 10 of the Dungeon)

   *Fog:      It may release a thick cloud of smoke when the wearer is hurt.
   Slay:      It affects your accuracy & damage with ranged weapons and melee
   (-2).
   SInv:      It lets you see invisible.
   Stlth:     It makes you more stealthy.
 K - a scarf of invisibility
 M - a +1 hat (worn)
 P - +10 pearl dragon scales (worn)
 U - a +2 plate armour of cold resistance
Jewellery
 f - the ring of Ydghist (left hand) {Str+6 Dex+3 Slay+6}
   (You found it on level 2 of the Depths)

   [ring of strength]

   Str:       It affects your strength (+6).
   Dex:       It affects your dexterity (+3).
   Slay:      It affects your accuracy & damage with ranged weapons and melee
   (+6).
 j - the ring "Omucofe" {rElec Will+ AC+4 Int-3}
   (You acquired it on level 3 of the Snake Pit)

   [ring of protection]

   AC:        It affects your AC (+4).
   Int:       It affects your intelligence (-3).
   rElec:     It insulates you from electricity.
   Will:      It increases your willpower.
 w - a ring of poison resistance
 G - the ring "Cidduwuaf" (right hand) {rPois rF+ Int+2 Dex-2}
   (You found it in an ice cave)

   [ring of protection from fire]

   Int:       It affects your intelligence (+2).
   Dex:       It affects your dexterity (-2).
   rF:        It protects you from fire.
   rPois:     It protects you from poison.
 N - a ring of resist corrosion
 R - an amulet of regeneration
 S - the amulet "Gyshano" (around neck) {Spirit Dex+3}
   (You acquired it on level 2 of the Realm of Zot)

   [amulet of guardian spirit]

   It causes incoming damage to be divided between your reserves of health and
   magic.
   Dex:       It affects your dexterity (+3).
 Z - the ring "Zugeigon" {rF++ rC- MP+9 Dex+4}
   (You found it on level 2 of the Depths)

   [ring of magical power]

   Dex:       It affects your dexterity (+4).
   rF:        It greatly protects you from fire.
   rC:        It makes you vulnerable to cold.
   MP:        It affects your magic capacity (+9).
Wands
 c - a wand of flame (27) (quivered)
 h - a wand of iceblast (24)
 p - a wand of charming (1)
 r - a wand of paralysis (49)
 E - a wand of digging (17)
 L - a wand of quicksilver (13)
 T - a wand of mindburst (10)
Scrolls
 l - 14 scrolls of teleportation
 m - a scroll of fog
 q - a scroll of blinking
 s - 4 scrolls of amnesia
 A - 9 scrolls of fear
 D - a scroll of poison
 I - 29 scrolls of identify
 Q - a scroll of silence
Potions
 e - 10 potions of curing
 k - 5 potions of ambrosia
 u - 5 potions of cancellation
 x - 9 potions of brilliance
 F - 4 potions of magic
 H - 5 potions of lignification
 J - 7 potions of enlightenment
 O - 3 potions of invisibility
 X - a potion of berserk rage
Miscellaneous
 i - a condenser vane
 n - a phantom mirror
 o - a box of beasts (inert)
 v - a lightning rod (4/4)
 C - a phial of floods


   Skills:
 + Level 24.8 Fighting
 - Level 20.0 Maces & Flails
 + Level 24.8 Armour
 - Level 19.9 Dodging
 - Level 6.0 Stealth
 * Level 26.8 Invocations
 - Level 10.0 Evocations


You had 25 spell levels left.
You didn't know any spells.
Your spell library contained the following spells:

 Spells                   Type           Power      Damage    Failure   Level
 Apportation              Tloc           0%         N/A       50%         1
 Foxfire                  Conj/Fire      0%         2x1d4     50%         1
 Freeze                   Ice            0%         1d3       50%         1
 Kiss of Death            Conj/Necr      0%         2d5       50%         1
 Magic Dart               Conj           0%         1d3       50%         1
 Necrotise                Necr           0%         1d4       50%         1
 Shock                    Conj/Air       0%         1d3       50%         1
 Sting                    Tmut/Pois      0%         1d3       50%         1
 Summon Small Mammal      Summ           0%         N/A       50%         1
 Lesser Beckoning         Tloc           0%         N/A       63%         2
 Poisonous Vapours        Pois/Air       0%         N/A       63%         2
 Scorch                   Fire           0%         2d5       63%         2
 Searing Ray              Conj           0%         2d4       63%         2
 Sublimation of Blood     Necr           0%         N/A       63%         2
 Call Canine Familiar     Summ           0%         N/A       86%         3
 Confusing Touch          Hex            0%         N/A       86%         3
 Gell's Gravitas          Tloc           0%         N/A       86%         3
 Mephitic Cloud           Conj/Pois/Air  0%         N/A       86%         3
 Portal Projectile        Hex/Tloc       0%         N/A       86%         3
 Stone Arrow              Conj/Erth      0%         3d7       86%         3
 Summon Guardian Golem    Hex/Summ       0%         N/A       86%         3
 Swiftness                Air            0%         N/A       86%         3
 Teleport Other           Tloc           0%         N/A       86%         3
 Tukima's Dance           Hex            0%         N/A       86%         3
 Airstrike                Air            0%         2d(0-16)  99%         4
 Animate Armour           Summ/Erth      0%         N/A       99%         4
 Dispel Undead            Necr           0%         3d6       99%         4
 Flame Wave               Conj/Fire      0%         2d4       99%         4
 Fulminant Prism          Conj/Hex       0%         3d5       99%         4
 Iskenderun's Mystic Bla  Conj/Tloc      0%         2d3       99%         4
 Olgreb's Toxic Radiance  Pois           0%         N/A       99%         4
 Petrify                  Tmut/Erth      0%         N/A       99%         4
 Summon Lightning Spire   Summ/Air       0%         N/A       99%         4
 Alistair's Intoxication  Tmut/Pois      0%         N/A       100%        5
 Freezing Cloud           Conj/Ice/Air   0%         6-21      100%        5
 Irradiate                Conj/Tmut      0%         3d11      100%        5
 Lee's Rapid Deconstruct  Erth           0%         3d4*      100%        5
 Summon Forest            Summ/Tloc      0%         N/A       100%        5
 Summon Mana Viper        Hex/Summ       0%         N/A       100%        5
 Plasma Beam              Fire/Air       0%         2x1d10    100%        6
 Starburst                Conj/Fire      0%         6d3       100%        6
 Summon Cactus Giant      Summ           0%         N/A       100%        6
 Orb of Destruction       Conj           0%         9d5       100%        7
 Spellforged Servitor     Conj/Summ      0%         N/A       100%        7
 Lehudib's Crystal Spear  Conj/Erth      0%         10d2      100%        8


Dungeon Overview and Level Annotations

Branches:
Dungeon (15/15)            Temple (0/1) D:7            Lair (5/5) D:10
 Shoals (4/4) Lair:2        Snake (4/4) Lair:2        Slime (0/5) Lair:5
    Orc (2/2) D:10            Elf (0/3) Orc:2        Vaults (4/5) D:13
  Crypt (0/3) Vaults:3     Depths (4/4) D:15            Zot (5/5) Depths:4
 Bailey (visited)           IceCv (visited)

Altars:
Ashenzari
Cheibriados
Dithmenos
Elyvilon
Fedhas
Gozag
Hepliaklqana
Makhleb
Nemelex Xobeh
Sif Muna
Vehumet
Wu Jian
Xom
Jiyva

Shops:
D:2 !   D:6 *   D:10 ?[*   Orc:2 :[=!   Snake:3 :*   Vaults:2 ?

Portals:
Hell: Depths:1 Depths:2 Depths:3 Depths:4
Abyss: Depths:3
Pandemonium: Depths:1 Depths:2 Depths:3
Ziggurat: Depths:1

Annotations:
D:4 1 runed translucent door, XomNomNom's ghost, amateur HOMo
Lair:4 3 runed translucent doors, Zoekh's ghost, journeyman DsCK
Vaults:3 3 runed translucent doors, Luiw's ghost, veteran HOBe
Depths:2 1 runed translucent door
Zot:1 2 transporters
Zot:2 exclusion: downstairs


Innate Abilities, Weirdness & Mutations

You have a pair of horns on your head.
You reflexively headbutt those who attack you in melee.
Your body sometimes deteriorates upon taking damage.


Message History

A rust devil comes into view.
The rust devil screeches!
You bludgeon the rust devil!!
The rust devil is heavily wounded.
Your +9 spectral great mace hits the rust devil!!
You kill the rust devil!
Your +9 spectral great mace disappears.
There is a stone staircase leading up here.
You climb upwards.
Level annotation: 1 runed translucent door, XomNomNom's ghost, amateur HOMo
There is a stone staircase leading down here.
You climb downwards.
There is a stone staircase leading up here.
There is a stone staircase leading up here.
You climb upwards.
Level annotation: 1 runed translucent door, XomNomNom's ghost, amateur HOMo
There is a stone staircase leading down, spattered with blood here.
Items here: ))) [[.
There is a stone staircase leading up here.
You climb upwards.
There is a stone staircase leading down here.
You see here a +0 scale mail.
There is a stone staircase leading up here.
You climb upwards.
Your divine vigour fades away.
There is a stone staircase leading down here.
There is a stone staircase leading up here.
Elyvilon grants you divine vigour.
You climb upwards.
There is a stone staircase leading down here.
You see here a +0 dagger.
Things that are here:
a +0 dagger; 4 stones; a +0 dagger
There is an escape hatch in the floor here.
There is a staircase leading out of the dungeon here.
There is a staircase leading out of the dungeon here.
You start waiting.
Your divine vigour fades away.
Elyvilon grants you divine vigour.
You have escaped!

......##.....##.#)#
......##...####.#.###############
......##........#................
..)#####)###########.≈.##########
.........######..###≈>≈# #
#......####..####.##...# #
...........###...###...# #
..#....#.##.#.######...# #
.##....#.##..#.#@...#### #
.##....#.#.#≈#.#....#### #
.#######.#..#.##..##...# #
.#######.##.##.#..#.##.# #
>........###.#.###.##.≈# #######
##########.#.#..###.#.≈# #......
.........#.#.##.##.##§## #.#####
......##.##.#..##..#...# #.#....
#####.##.######..#.#..## #.#.#.(


There were no monsters in sight!

Vanquished Creatures
  3 pandemonium lords
  An ancient lich (Abyss:2)
  A dread lich (Abyss:3)
  9 orbs of fire (Zot:5)
  3 Killer Klowns (Zot:5)
  2 curse toes
  7 caustic shrikes
  9 golden dragons
  A Tzitzimitl (D:6)
  5 bone dragons
  2 Brimstone Fiends
  2 doom hounds (Depths:3)
  2 electric golems
  13 tentacled monstrosities
  23 Orb Guardians
  A walking earthen tome (Depths:2)
  4 liches
  Rupert (D:14)
  2 titans (Depths:2)
  Grunn (Depths:3)
  7 quicksilver dragons
  9 sphinxes
  An Executioner (Abyss:3)
  10 tentacled starspawn (Abyss:3)
  2 krakens
  Polyphemus (Shoals:3)
  An acid blob (Abyss:5)
  8 death cobs
  4 tengu reavers
  Aizul (Shoals:2)
  13 storm dragons
  Frances (Snake:1)
  7 draconian monks
  6 shadow dragons
  Ilsuiw (Shoals:3)
  8 fire giants
  9 frost giants
  5 nagarajas
  A deep elf sorcerer (Depths:2)
  6 draconian knights
  7 draconian scorchers
  10 vault wardens
  8 draconian shifters
  4 ghost moths
  4 orc warlords
  5 draconian annihilators
  6 spriggan defenders
  15 ironbound preservers
  9 draconian stormcallers
  2 war gargoyles (Vaults:1)
  4 ironbound thunderhulks
  3 formless jellyfish
  21 stone giants
  21 very ugly things
  8 green draconians
  2 putrid mouths (Depths:3)
  7 black draconians
  2 lorocyprocas
  A demonspawn black sun (D:6)
  12 yellow draconians
  2 deep elf annihilators (Depths:2)
  6 vampire knights
  8 white draconians
  11 red draconians
  14 spark wasps
  9 dire elephants
  13 purple draconians
  A minotaur (Shoals:4)
  4 merfolk javelineers
  A crystal guardian (Vaults:3)
  6 great orbs of eyes
  8 merfolk impalers
  2 entropy weavers
  3 jiangshi (Depths:1)
  12 ettins
  A blizzard demon (Depths:3)
  3 deep elf high priests
  A spriggan zombie (Depths:1)
  7 yaktaur captains
  12 fire dragons
  Josephine (D:13)
  4 hydras
  2 hell beasts
  Erolcha (D:12)
  3 peacekeepers
  8 vault guards
  A merfolk avatar (Shoals:4)
  3 rakshasas
  A salamander tyrant (Snake:3)
  2 death knights
  17 ice dragons
  2 alligator snapping turtles
  10 centaur warriors
  10 anacondas
  8 spriggan air magi
  9 boulder beetles
  2 catoblepae
  9 two-headed ogres
  7 ironbound frosthearts
  15 satyrs (Shoals:4)
  7 hell hogs
  11 deep troll earth magi
  9 deep troll shamans
  6 tengu warriors
  33 naga warriors
  16 naga sharpshooters
  An orc high priest (Orc:2)
  21 death yaks
  6 vampire magi
  20 thrashing horrors
  2 shock serpents
  6 soul eaters
  7 spriggan berserkers
  5 sun demons
  A fire crab (shapeshifter) (Abyss:3)
  2 wretched stars
  15 hell knights
  7 salamander mystics
  3 sixfirhies
  8 skysharks
  4 skeletal warriors
  7 spatial maelstroms (Abyss:3)
  11 iron trolls
  A storm dragon skeleton (Vaults:4)
  A sea snake (shapeshifter) (Depths:2)
  A death drake (shapeshifter) (Depths:2)
  60 deep trolls
  A death drake (Abyss:3)
  2 spriggan simulacra (Depths:1)
  A swamp dragon (Lair:5)
  A glowing orange brain (shapeshifter) (D:13)
  9 harpies
  9 sea snakes
  3 flayed ghosts
  3 shadow demons
  8 naga ritualists
  10 ironbound convokers
  14 wizards
  3 glowing orange brains
  6 necromancers
  6 phantasmal warriors
  A steelbarb worm (shapeshifter) (Depths:2)
  10 orc knights
  28 starcursed masses
  12 lindwurms
  3 mana vipers
  4 orc sorcerers
  An oklob plant (Lair:1)
  38 ugly things
  A frost giant zombie (Depths:1)
  A faun (shapeshifter) (Abyss:3)
  11 fauns
  2 worldbinders (Abyss:3)
  9 cyclopes
  13 manticores
  16 salamanders
  29 moths of wrath
  A sphinx skeleton (Vaults:4)
  2 toenail golems
  13 elephants
  8 merfolk sirens
  4 rust devils
  5 guardian serpents
  20 naga magi
  12 vault sentinels
  29 black mambas
  2 ice statues (IceCv)
  5 water nymphs
  9 smoke demons
  3 gargoyles
  2 orange demons
  10 cane toads
  A kobold demonologist (Depths:3)
  6 hellions
  2 unseen horrors
  2 human zombies (Vaults:4)
  An unseen horror (shapeshifter) (D:13)
  5 torpor snails (Lair:5)
  6 rime drakes
  2 efreet
  10 ancient zymes
  6 komodo dragons
  4 freezing wraiths
  2 spectral nagas (Snake:1)
  30 yaktaurs
  3 tengu conjurers
  3 tormentors
  4 ice devils
  A wandering mushroom (Lair:1)
  10 trolls
  34 merfolk
  6 meliai
  2 polar bears
  2 red devils
  2 hellwings (Abyss:3)
  7 tyrant leeches
  6 wind drakes
  15 blink frogs
  4 saltlings (Orc:2)
  17 raiju (Abyss:3)
  A deep troll zombie (Vaults:4)
  Prince Ribbit (Bailey)
  13 hornets
  4 snapping turtles
  2 air elementals (Abyss:3)
  3 dream sheep (Shoals:2)
  A vampire (D:12)
  Sigmund (D:2)
  40 slime creatures
  10 spriggans
  3 ynoxinuls
  5 wyverns
  3 shadows
  5 basilisks
  7 water elementals
  9 wraiths
  7 humans (Bailey)
  27 yaks
  5 steam dragons
  2 neqoxecs (Abyss:3)
  4 chaos spawn
  8 vampire mosquitoes
  A warg (Orc:1)
  52 nagas
  2 redbacks (Vaults:2)
  An elf skeleton (Vaults:4)
  9 small abominations
  5 acid dragons
  A glowing shapeshifter zombie (Depths:1)
  5 spatial vortices (Abyss:3)
  20 water moccasins
  5 hell hounds (Abyss:3)
  2 floating eyes
  4 ice beasts
  20 orc warriors
  4 black bears
  9 ogres
  A sky beast (Abyss:3)
  19 large abominations
  8 wolves
  14 centaurs
  2 phantoms
  6 kobold brigands
  12 bullfrogs
  A glowing shapeshifter simulacrum (Vaults:4)
  A cane toad simulacrum (IceCv)
  3 scorpions
  10 wights
  4 killer bees (D:9)
  A vampire bat (D:5)
  A howler monkey (D:7)
  2 jellies
  4 lava snakes (Lair:2)
  3 quasits (Abyss:3)
  Crazy Yiuf (D:7)
  6 hounds
  15 orc priests
  2 gnoll boudas
  Jessica (D:3)
  10 iguanas
  A sleepcap (D:4)
  Ijyb (D:4)
  16 orc wizards
  4 polar bear simulacra (IceCv)
  17 gnolls
  13 adders
  A shadow imp (Abyss:3)
  3 white imps (Abyss:3)
  3 ufetubi
  3 worms
  2 dart slugs
  8 fire bats
  64 orcs
  2 spectral bats (D:5)
  3 bat skeletons (D:5)
  A bat zombie (D:5)
  6 endoplasms
  A giant cockroach (D:2)
  9 goblins
  17 hobgoblins
  7 jackals
  27 kobolds
  5 quokkas
  5 ball pythons
  13 bats
  A bat simulacrum (D:5)
  2 frilled lizards
  A rat (D:2)
  A butterfly (D:7)
  A lurking horror (Abyss:3)
  7 starspawn tentacles (Abyss:3)
  3 tentacles
2103 creatures vanquished.

Vanquished Creatures (collateral kills)
  A water moccasin (D:8)
  A black bear (D:5)
  A centaur (D:8)
  A kobold brigand (D:9)
  2 gnolls (D:4)
  A worm (D:2)
  An orc (D:4)
  2 kobolds (D:9)
10 creatures vanquished.

Vanquished Creatures (others)
  A juggernaut (Depths:2)
  the Enchantress (Depths:1)
  2 frost giants (Depths:2)
  A vampire knight (Depths:2)
  Nessos (D:14)
  An ice dragon (Depths:1)
  An anaconda (Snake:1)
  A spriggan (Depths:1)
  2 orc knights (Vaults:1)
  A hornet (Depths:1)
  An ogre (D:5)
  A gnoll (D:4)
  89 spectral weapons
  12 starspawn tentacles (Abyss:3)
  8 tentacles
123 creatures vanquished.

Grand Total: 2236 creatures vanquished

Notes
Turn   | Place    | Note
-------+----------+-------------------------------------------
     0 | D:1      | Shard1697 the Minotaur Artificer began the quest for the
                  | Orb.
     0 | D:1      | Reached XP level 1. HP: 16/16 MP: 0/0
    33 | D:1      | Reached skill level 1 in Maces & Flails
   124 | D:1      | Reached XP level 2. HP: 15/23 MP: 1/1
  1016 | D:2      | Reached XP level 3. HP: 17/28 MP: 2/2
  1188 | D:2      | Noticed Sigmund
  1193 | D:2      | Killed Sigmund
  1194 | D:2      | Reached XP level 4. HP: 28/35 MP: 3/3
  1194 | D:2      | Reached XP level 5. HP: 32/40 MP: 4/4
  1433 | D:2      | Found Buq Kext's Distillery.
  1435 | D:2      | Reached XP level 6. HP: 48/48 MP: 5/5
  1868 | D:3      | Found a faded altar of an unknown god.
  2360 | D:3      | Noticed Jessica
  2365 | D:3      | Killed Jessica
  2884 | D:3      | Prayed at the altar of an unknown god.
  2884 | D:3      | Became a worshipper of Elyvilon the Healer
  2884 | D:3      | Reached * piety under Elyvilon
  2958 | D:4      | Found a runed translucent door.
  2960 | D:4      | Noticed XomNomNom's ghost (amateur HOMo)
  3269 | D:4      | Reached skill level 1 in Invocations
  3386 | D:4      | You fall into a shaft and drop 1 floor!
  3386 | D:5      | Entered Level 5 of the Dungeon
  3431 | D:5      | Found a burning altar of Makhleb.
  3551 | D:5      | Reached XP level 7. HP: 30/59 MP: 5/7
  3727 | D:5      | Reached skill level 2 in Invocations
  3820 | D:4      | Reached ** piety under Elyvilon
  3822 | D:4      | Found a snail-covered altar of Cheibriados.
  3984 | D:4      | Noticed Ijyb
  4003 | D:4      | Killed Ijyb
  4004 | D:4      | Reached skill level 5 in Fighting
  4929 | D:5      | Reached XP level 8. HP: 66/70 MP: 7/9
  5288 | D:5      | Reached skill level 3 in Invocations
  5606 | D:6      | Found Wonaed's Assorted Antiques.
  5916 | D:6      | Reached *** piety under Elyvilon
  5929 | D:6      | Reached skill level 10 in Maces & Flails
  5940 | D:6      | Reached skill level 4 in Invocations
  6250 | D:6      | Reached XP level 9. HP: 81/81 MP: 11/11
  7183 | D:7      | Reached skill level 5 in Invocations
  7247 | D:7      | Reached **** piety under Elyvilon
  7284 | D:7      | Found a staircase to the Ecumenical Temple.
  7619 | D:7      | Reached skill level 10 in Fighting
  7768 | D:7      | Found a runed translucent door.
  7769 | D:7      | Noticed Crazy Yiuf
  7774 | D:7      | Killed Crazy Yiuf
  7975 | D:8      | Noticed a two-headed ogre
  7992 | D:8      | Killed a two-headed ogre
  7993 | D:8      | Reached XP level 10. HP: 58/93 MP: 13/13
  8161 | D:8      | Noticed a two-headed ogre
  8181 | D:8      | Killed a two-headed ogre
  8182 | D:8      | Reached skill level 6 in Invocations
  8293 | D:8      | Noticed a two-headed ogre
  8341 | D:8      | Reached skill level 5 in Armour
  8342 | D:8      | Found a hazy altar of Hepliaklqana.
  8376 | D:8      | Killed a two-headed ogre
  8546 | D:8      | Reached ***** piety under Elyvilon
  8813 | D:9      | Noticed a two-headed ogre
  8843 | D:9      | Killed a two-headed ogre
  8956 | D:9      | Noticed a death knight
  9188 | D:9      | Killed a death knight
  9473 | D:9      | Reached XP level 11. HP: 72/99 MP: 15/15
  9497 | D:9      | Reached skill level 7 in Invocations
  9961 | D:9      | Noticed a two-headed ogre
  9969 | D:9      | Killed a two-headed ogre
 10381 | D:10     | Entered Level 10 of the Dungeon
 10442 | D:10     | Identified a scroll of acquirement
 10442 | D:10     | Acquired the +2 cloak of the Thief {*Fog Slay-2 SInv
                  | Stlth+}
 10442 | D:10     | Found the +2 cloak of the Thief {*Fog Slay-2 SInv Stlth+}
 10507 | D:10     | Found a sparkling altar of Nemelex Xobeh.
 10711 | D:10     | Found a flagged portal.
 10722 | Bailey   | Entered a bailey
 10979 | Bailey   | Noticed Prince Ribbit
 10997 | Bailey   | Killed Prince Ribbit
 10998 | Bailey   | Reached skill level 15 in Maces & Flails
 11053 | Bailey   | Noticed a vault guard
 11077 | Bailey   | Killed a vault guard
 11078 | Bailey   | Reached skill level 10 in Armour
 11078 | Bailey   | Reached skill level 8 in Invocations
 11261 | Bailey   | Noticed a vault guard
 11290 | Bailey   | Killed a vault guard
 11342 | D:10     | Found a staircase to the Orcish Mines.
 11450 | D:10     | Found a staircase to the Lair.
 11586 | D:10     | Found Jaewnow's Magic Scroll Shop.
 11596 | D:10     | Found Kuleit's Armour Shop.
 11604 | D:10     | Reached XP level 12. HP: 106/106 MP: 17/17
 11629 | D:10     | Bought a +0 chain mail of poison resistance for 119 gold
                  | pieces
 11660 | D:10     | Found Kochiast's Assorted Antiques.
 12188 | D:11     | Found a broken altar of Ashenzari.
 12203 | D:11     | Noticed a two-headed ogre
 12213 | D:11     | Killed a two-headed ogre
 12974 | Orc:1    | Entered Level 1 of the Orcish Mines
 13115 | Orc:1    | Noticed an orc warlord
 13257 | D:10     | Killed an orc warlord
 13533 | Orc:2    | Entered Level 2 of the Orcish Mines
 13661 | Orc:2    | Found a staircase to the Elven Halls.
 13687 | Orc:2    | Reached skill level 5 in Dodging
 13711 | Orc:2    | Reached ****** piety under Elyvilon
 13768 | Orc:2    | Found Xalik's Distillery.
 13942 | Orc:2    | Reached skill level 9 in Invocations
 14067 | Orc:2    | Noticed a two-headed ogre
 14077 | Orc:2    | Killed a two-headed ogre
 14931 | Orc:2    | Noticed an ettin
 14943 | Orc:2    | Killed an ettin
 14944 | Orc:2    | Reached XP level 13. HP: 95/113 MP: 19/19
 15332 | Orc:2    | Found Behij's Book Boutique.
 15334 | Orc:2    | Found Daymym's Antique Weapon Boutique.
 15365 | Orc:2    | Found Habaffed's Jewellery Shoppe.
 15397 | Orc:2    | Found Yhekagh's Armour Shop.
 15568 | Lair:1   | Entered Level 1 of the Lair of Beasts
 16093 | Lair:1   | Noticed Sonja
 16095 | Lair:1   | Sonja changed into Sonja the black bear
 16095 | Lair:1   | Noticed Sonja
 16105 | Lair:1   | Killed Sonja the black bear
 16693 | Lair:1   | Reached skill level 10 in Invocations
 16949 | Lair:2   | Found a staircase to the Snake Pit.
 17117 | Lair:2   | Reached skill level 10 in Dodging
 17368 | Lair:2   | Reached skill level 1 in Stealth
 17686 | Lair:2   | Found the +8 whip "Snakebite" {venom, curare, rPois}
 17881 | Lair:2   | Found a staircase to the Shoals.
 18354 | Lair:3   | Reached XP level 14. HP: 101/122 MP: 20/20
 18449 | Lair:3   | Acquired 771 gold pieces
 18586 | Orc:2    | Bought +0 pearl dragon scales for 1600 gold pieces
 18684 | Orc:2    | Bought a potion of berserk rage for 60 gold pieces
 18684 | Orc:2    | Bought a potion of degeneration for 12 gold pieces
 18687 | Orc:2    | Bought a potion of haste for 120 gold pieces
 18687 | Orc:2    | Bought a potion of might for 48 gold pieces
 18765 | D:10     | Bought a scroll of brand weapon for 152 gold pieces
 19740 | Lair:4   | Noticed Zoekh's ghost (journeyman DsCK)
 20068 | Lair:4   | Found a runed translucent gate.
 20068 | Lair:4   | Found a runed translucent gate.
 20068 | Lair:4   | Found a runed translucent gate.
 20558 | Lair:4   | Reached skill level 5 in Evocations
 20905 | Lair:5   | Entered Level 5 of the Lair of Beasts
 21253 | Lair:5   | Found a runed translucent door.
 22233 | Lair:5   | Found a staircase to the Slime Pits.
 22954 | D:12     | Reached XP level 15. HP: 131/134 MP: 21/21
 23153 | D:12     | Noticed Erolcha
 23166 | D:12     | Killed Erolcha
 23566 | D:13     | Noticed Josephine
 23578 | D:13     | Killed Josephine
 23597 | D:13     | Found a frozen archway.
 23603 | IceCv    | Entered an ice cave
 23662 | IceCv    | Found a transporter.
 23680 | IceCv    | Found a transporter.
 23710 | IceCv    | Acquired the ring "Utal Bor" {Fire rPois Dex+3}
 23712 | IceCv    | Identified the ring "Cidduwuaf" {rPois rF+ Int+2 Dex-2}
 23946 | D:13     | Identified the +0 halberd "Fuovoq" {freeze, rF+ Will+
                  | Str+5}
 24062 | D:13     | Found a gate to the Vaults.
 24500 | D:14     | Noticed Nessos
 24516 | D:14     | Killed Nessos
 24825 | D:13     | Reached skill level 5 in Stealth
 25077 | D:14     | Noticed Rupert
 25093 | D:14     | Killed Rupert
 26357 | D:15     | Entered Level 15 of the Dungeon
 26996 | D:15     | Found a staircase to the Depths.
 27207 | D:15     | Found a sparkling altar of Nemelex Xobeh.
 27404 | Snake:1  | Entered Level 1 of the Snake Pit
 27492 | Snake:1  | Reached XP level 16. HP: 146/146 MP: 23/23
 27810 | Snake:1  | Noticed Frances
 27818 | Snake:1  | Killed Frances
 27819 | Snake:1  | Reached skill level 11 in Invocations
 29538 | Snake:2  | Reached skill level 15 in Armour
 29714 | Snake:2  | Reached skill level 15 in Fighting
 30141 | Snake:3  | Found Genup's Assorted Antiques.
 30213 | Snake:3  | Bought a potion of heal wounds for 195 gold pieces
 30213 | Snake:3  | Bought a wand of paralysis (2) for 187 gold pieces
 30213 | Snake:3  | Found Zifet's Book Shop.
 30709 | Snake:3  | Reached skill level 12 in Invocations
 30928 | Snake:3  | Reached XP level 17. HP: 149/156 MP: 25/25
 30939 | Snake:3  | Acquired the ring "Omucofe" {rElec Will+ AC+4 Int-3}
 31249 | Snake:4  | Entered Level 4 of the Snake Pit
 31364 | Snake:4  | Reached XP level 18. HP: 161/166 MP: 26/26
 32008 | Snake:4  | Got a serpentine rune of Zot
 32226 | Snake:4  | Reached skill level 10 in Evocations
 32408 | Snake:4  | Reached skill level 13 in Invocations
 32907 | Shoals:1 | Entered Level 1 of the Shoals
 32951 | Shoals:1 | Found a flickering gateway to a bazaar.
 32967 | Bazaar   | Entered a bazaar
 33014 | Bazaar   | Found Vibeif's Antique Weapon Emporium.
 33028 | Bazaar   | Found Meveh's Antique Weapon Shoppe.
 33044 | Bazaar   | Found Veqeruat's Antique Armour Emporium.
 33055 | Bazaar   | Found Rionwahe's Antique Armour Shoppe.
 33078 | Bazaar   | Bought a pair of glowing gloves for 187 gold pieces
 34142 | Shoals:2 | Noticed Aizul
 34154 | Shoals:2 | Killed Aizul
 34781 | Shoals:3 | Noticed Polyphemus
 34972 | Shoals:3 | Reached XP level 19. HP: 106/177 MP: 28/28
 35079 | Shoals:3 | Reached skill level 14 in Invocations
 35090 | Shoals:3 | Killed Polyphemus
 35345 | Shoals:3 | Noticed Ilsuiw
 35367 | Shoals:3 | Killed Ilsuiw
 35846 | Shoals:4 | Entered Level 4 of the Shoals
 35977 | Shoals:4 | Reached skill level 15 in Invocations
 36022 | Shoals:4 | Identified the +1 leather armour of Experimentation
                  | {*Corrode +Inv MP+9}
 36517 | Shoals:4 | Reached skill level 16 in Invocations
 36590 | Shoals:4 | Got a barnacled rune of Zot
 37248 | Vaults:1 | Entered Level 1 of the Vaults
 37414 | Vaults:1 | Reached skill level 17 in Invocations
 38086 | Vaults:1 | HP: 4/177 [ironbound frostheart (33)]
 38453 | Vaults:1 | Reached skill level 18 in Invocations
 38985 | Vaults:2 | Reached XP level 20. HP: 184/184 MP: 32/32
 39067 | Vaults:2 | Found Rechel's Magic Scroll Emporium.
 39108 | Vaults:2 | Bought a scroll of enchant armour for 90 gold pieces
 39108 | Vaults:2 | Bought a scroll of teleportation for 36 gold pieces
 39108 | Vaults:2 | Bought a scroll of enchant armour for 90 gold pieces
 39108 | Vaults:2 | Bought a scroll of blinking for 90 gold pieces
 40306 | Vaults:2 | Reached skill level 19 in Invocations
 40603 | Vaults:3 | Found a runed translucent gate.
 40603 | Vaults:3 | Found a runed translucent gate.
 40603 | Vaults:3 | Found a runed translucent gate.
 40603 | Vaults:3 | Noticed Luiw's ghost (veteran HOBe)
 40640 | Vaults:3 | Found a staircase to the Crypt.
 40830 | Vaults:3 | You fall into a shaft and drop 1 floor!
 41648 | Vaults:3 | Found a viscous altar of Jiyva.
 41834 | Vaults:4 | Reached skill level 20 in Invocations
 42125 | Vaults:4 | Reached XP level 21. HP: 195/195 MP: 34/34
 43106 | Depths:1 | Entered Level 1 of the Depths
 43215 | Depths:1 | Paralysed by a floating eye for 4 turns
 43294 | Depths:1 | Noticed the Enchantress
 43437 | Depths:1 | Pacified the Enchantress
 43444 | Depths:1 | Killed the Enchantress
 43934 | Depths:1 | Reached skill level 15 in Dodging
 44075 | Depths:1 | Found a one-way gateway to a ziggurat.
 44084 | Depths:1 | Identified the +8 morningstar "Idijah" {freeze, Drain rPois
                  | Int+5}
 44352 | Depths:1 | You fall into a shaft and drop 1 floor!
 44369 | Depths:1 | Found a gateway to Hell.
 44499 | Depths:1 | Found a shimmering blue altar of Sif Muna.
 44603 | Depths:1 | Found a one-way gate leading to the halls of Pandemonium.
 45335 | Depths:2 | Identified the +5 scale mail of Muessairiz {Will- Dex+3
                  | Stlth+}
 45585 | Depths:2 | Reached XP level 22. HP: 195/209 MP: 35/35
 45687 | Depths:2 | Found a runed translucent door.
 45687 | Depths:2 | Found a runed translucent door.
 45845 | Depths:2 | Found a shimmering altar of Xom.
 45853 | Depths:2 | Found an opulent altar of Gozag.
 45855 | Depths:2 | Found an ornate altar of the Wu Jian Council.
 45855 | Depths:2 | Found a radiant altar of Vehumet.
 45887 | Depths:2 | Noticed a golden dragon
 45902 | Depths:2 | Killed a golden dragon
 45904 | Depths:2 | Identified the +1 cloak "Icraxt" {Str+2}
 45905 | Depths:2 | Identified the ring of Ydghist {Str+6 Dex+3 Slay+6}
 45944 | Depths:2 | Identified the -1 kite shield "Neakh" {rC++ Regen+ SInv
                  | Stlth-}
 45945 | Depths:2 | Identified the ring "Zugeigon" {rF++ rC- MP+9 Dex+4}
 46298 | Depths:2 | Found a runed translucent door.
 46460 | Depths:2 | Got the Almanac of Befouled Congelation
 46536 | Depths:2 | Elyvilon protects you from harm!
 46991 | Depths:2 | Acquired the +1 cloak "Trusted Companion" {Rampage rElec
                  | Will+}
 47164 | Depths:2 | Found a burning altar of Makhleb.
 47343 | Depths:2 | Identified the ring "Ridd" {rElec rN+}
 47458 | Depths:2 | Noticed a golden dragon
 47459 | Depths:2 | Noticed a juggernaut
 47465 | Depths:2 | Killed a golden dragon
 47469 | Depths:2 | Pacified a juggernaut
 47478 | Depths:2 | Killed a juggernaut
 47895 | Depths:3 | Reached skill level 21 in Invocations
 48162 | Depths:3 | Found a blossoming altar of Fedhas.
 48226 | Depths:3 | Found a one-way gate to the infinite horrors of the Abyss.
 48396 | Depths:3 | Noticed Grunn
 48535 | Depths:3 | Killed Grunn
 48621 | Depths:3 | Reached XP level 23. HP: 216/216 MP: 36/36
 48684 | Depths:3 | Acquired 475 gold pieces
 49001 | Depths:4 | Entered Level 4 of the Depths
 49259 | Depths:4 | Noticed a caustic shrike
 49259 | Depths:4 | Noticed a caustic shrike
 49259 | Depths:4 | Noticed a caustic shrike
 49259 | Depths:4 | Noticed a caustic shrike
 49259 | Depths:4 | Noticed a caustic shrike
 49266 | Depths:4 | Killed a caustic shrike
 49282 | Depths:3 | Killed a caustic shrike
 49287 | Depths:3 | Killed a caustic shrike
 49414 | Depths:3 | Killed a caustic shrike
 49417 | Depths:3 | Killed a caustic shrike
 49530 | Depths:4 | Noticed a caustic shrike
 49532 | Depths:4 | Noticed a caustic shrike
 49535 | Depths:4 | Noticed a caustic shrike
 49536 | Depths:4 | Killed a caustic shrike
 49547 | Depths:4 | Pacified a caustic shrike
 49551 | Depths:4 | Killed a caustic shrike
 49755 | Depths:4 | Found a gate to the Realm of Zot.
 49810 | Depths:4 | Reached skill level 22 in Invocations
 50308 | Depths:4 | Found a shadowy altar of Dithmenos.
 50822 | Depths:3 | Voluntarily entered the Abyss.
 51051 | Abyss:2  | Found a corrupted altar of Lugonu.
 51058 | Abyss:2  | Found a corrupted altar of Lugonu.
 51073 | Abyss:2  | Noticed an ancient lich
 51078 | Abyss:2  | Killed an ancient lich
 51109 | Abyss:2  | Found a corrupted altar of Lugonu.
 51110 | Abyss:2  | Found a corrupted altar of Lugonu.
 51110 | Abyss:2  | Found a corrupted altar of Lugonu.
 51474 | Abyss:3  | Reached XP level 24. HP: 190/231 MP: 37/37
 51512 | Abyss:3  | Paralysed by an air elemental for 1 turns
 51520 | Abyss:3  | Paralysed by an air elemental for 1 turns
 51527 | Abyss:3  | Paralysed by an air elemental for 1 turns
 51529 | Abyss:3  | Reached skill level 23 in Invocations
 51684 | Abyss:3  | Paralysed by accursed screaming for 1 turns
 51730 | Abyss:3  | Found a corrupted altar of Lugonu.
 52074 | Abyss:3  | Paralysed by an air elemental for 1 turns
 52188 | Abyss:3  | Noticed a dread lich
 52192 | Abyss:3  | Paralysed by a dread lich for 4 turns
 52198 | Abyss:3  | Killed a dread lich
 52201 | Abyss:3  | Found a corrupted altar of Lugonu.
 52462 | Abyss:3  | Got an abyssal rune of Zot
 52531 | Depths:3 | Escaped the Abyss
 52628 | Zot:1    | Entered Level 1 of the Realm of Zot
 53270 | Zot:1    | Noticed an orb of fire
 53312 | Zot:1    | Reached skill level 24 in Invocations
 53439 | Zot:1    | Found a transporter.
 53439 | Zot:1    | Found a transporter.
 53625 | Zot:1    | Identified the ring of Tezxis {rC+ rCorr Str+6 Int+2}
 54575 | Zot:2    | Acquired the amulet "Gyshano" {Spirit Dex+3}
 55415 | Zot:3    | Reached XP level 25. HP: 71/243 MP: 8/38
 57927 | Zot:4    | Reached skill level 25 in Invocations
 59483 | Zot:5    | Entered Level 5 of the Realm of Zot
 60123 | Zot:5    | Noticed an orb of fire
 60128 | Zot:5    | Noticed a Killer Klown
 60130 | Zot:5    | Noticed an orb of fire
 60132 | Zot:5    | Killed an orb of fire
 60133 | Zot:5    | Noticed an orb of fire
 60133 | Zot:5    | Noticed an orb of fire
 60133 | Zot:5    | Noticed an orb of fire
 60143 | Zot:5    | Killed an orb of fire
 60145 | Zot:5    | Noticed a Killer Klown
 60147 | Zot:5    | Killed an orb of fire
 60157 | Zot:5    | Killed an orb of fire
 60160 | Zot:5    | Killed an orb of fire
 60161 | Zot:5    | Reached skill level 26 in Invocations
 60165 | Zot:5    | Killed a Killer Klown
 60174 | Zot:5    | Killed a Killer Klown
 60467 | Zot:5    | Noticed an orb of fire
 60480 | Zot:5    | Killed an orb of fire
 60492 | Zot:5    | Noticed a Killer Klown
 60501 | Zot:5    | Killed a Killer Klown
 60503 | Zot:5    | Noticed an orb of fire
 60511 | Zot:5    | Gained mutation: You are vulnerable to heat. (rF-) [an orb
                  | of fire]
 60515 | Zot:5    | Gained mutation: You occasionally lose the ability to read
                  | scrolls when taking damage. [an orb of fire]
 60516 | Zot:5    | Killed an orb of fire
 60532 | Zot:5    | Reached XP level 26. HP: 210/384 MP: 22/58
 60755 | Zot:5    | Noticed an orb of fire
 60763 | Zot:5    | Killed an orb of fire
 60825 | Zot:5    | Lost mutation: You are vulnerable to heat. (rF-) [potion of
                  | mutation]
 60825 | Zot:5    | Lost mutation: You occasionally lose the ability to read
                  | scrolls when taking damage. [potion of mutation]
 60825 | Zot:5    | Gained mutation: Your body sometimes deteriorates upon
                  | taking damage. [potion of mutation]
 60946 | Zot:5    | Noticed an orb of fire
 60964 | Zot:5    | Killed an orb of fire
 61036 | Zot:5    | Got the Orb of Zot
 61174 | Zot:2    | Noticed Mudifan the pandemonium lord
 61295 | Depths:4 | Noticed Edel the pandemonium lord
 61300 | Abyss:5  | Cast into level 5 of the Abyss (Edel)
 61339 | Depths:4 | Escaped the Abyss
 61351 | Depths:4 | Killed Edel the pandemonium lord
 61447 | Depths:3 | Noticed Follyph the pandemonium lord
 61643 | D:15     | Noticed Ubigh the pandemonium lord
 62016 | D:5      | Noticed Neinor the pandemonium lord
 62026 | D:5      | Noticed Piemaaf the pandemonium lord
 62028 | D:5      | Killed Neinor the pandemonium lord
 62034 | D:5      | Killed Piemaaf the pandemonium lord
 62210 | D:$      | Escaped with the Orb!

Illustrated notes

Levels and vault maps discovered:
D:1:      dpeg_arrival_brainrot, layout_basic
D:2:      layout_basic, serial_forest, infiniplex_forest_clump_cross,
          infiniplex_forest_straight_2, infiniplex_forest_end_double,
          infiniplex_forest_clump_tiny, infiniplex_forest_lined_room_2,
          infiniplex_forest_lined_2, infiniplex_forest_clump_curved,
          infiniplex_forest_clump_small, serial_shops,
          nicolae_shop_temple_entry_statues_fountains, minmay_misc_feat_cross,
          uniq_sigmund
D:3:      layout_basic, shapermc_ecumenical_altar_ellora, minmay_checkerbox,
          uniq_jessica
D:4:      wad_crossroads, layout_loops_ring, nicolae_overflow_hidden_temple,
          ebering_ghost_sewer_d, uniq_ijyb
D:5:      layout_basic, kennysheep_mini, goddamned_bats
D:6:      kennysheep_housing_project, layout_cave_pods,
          nicolae_inconvenience_store
D:7:      layout_loops_ring, minmay_temple_entry_butterflies,
          minmay_misc_feat_diagonals, st_stairs_10, minmay_manual_mess,
          uniq_crazy_yiuf_cottage
D:8:      layout_cave_pools, mainiacjoe_overflow_small_starburst, the_hattery
D:9:      layout_roguey, kb_rosetta
D:10:     layout_basic, mainiacjoe_overflow_surrounded_room,
          hellmonk_lair_entry_icy, orc_0_dummy, enter_bailey_3, serial_shops,
          shop, nicolae_shop_pleasant_corner_grove, shop_fountains, st_stairs_9
D:11:     layout_loops_ring, hangedman_glass_teeth, evilmike_ruin_ashenzari
D:12:     layout_gridville, uniq_erolcha
D:13:     layout_rooms, skrybe_vaults_entry_preservation,
          portal_ice_cave_entry_pillars_1, uniq_josephine
D:14:     layout_basic, serial_park_tiny_2, uniq_nessos, uniq_rupert
D:15:     grunt_enter_depths_hoard, layout_rooms, nemelex_altar_shiori
Lair:1:   layout_cave_pods, minivault_24, minmay_lair_oklob_bushes, uniq_sonja
Lair:2:   minmay_guarded_unrand_snakebite, layout_cave_shapes,
          minmay_shoals_entry_hut, nicolae_snake_entry_warm_welcome
Lair:3:   layout_cave_pods, grunt_megastairs_4
Lair:4:   layout_cave_shapes, gammafunk_ghost_split
Lair:5:   wormcave, layout_gridlike, guppyfry_lair_end_dragon, slime_entry_1,
          grunt_megastairs_1
Shoals:1: layout_shoals, serial_shops, bzr_entry_safe
Shoals:2: layout_shoals, nicolae_shoals_flooded_hall, uniq_aizul
Shoals:3: layout_shoals, uniq_polyphemus, uniq_ilsuiw
Shoals:4: shoals_end_hellmonk_lost_city
Snake:1:  layout_onion, nicolae_snake_ghostly_warrior_ritual,
          serial_bayou_shore_b, uniq_frances
Snake:2:  layout_onion_interference
Snake:3:  layout_cave_town, grunt_ministairs_5, minmay_shop_star,
          lemuel_fruit_tree, grunt_megastairs_3
Snake:4:  snake_pit, layout_onion_interference
Orc:1:    layout_diamond_mine
Orc:2:    hellmonk_orc_salted, layout_caves, serial_shops, nicolae_shop_stone
Vaults:1: v_alt_pattern_6, nicolae_vaults_trapezoid_4,
          nicolae_vaults_network_periphery, hangedman_vaults_capsules,
          v_misc_19, ontoclasm_vaults_misaligned, hangedman_vaults_impose,
          nicolae_vaults_little_guard_posts, grunt_vaults_bifocal, v_pattern_3,
          vaults_mumra_chevron_long, ontoclasm_vaults_misaligned,
          hangedman_vaults_impose, layout_vaults_omnibox
Vaults:2: v_misc_9, nicolae_vaults_closet_pinwheel_4, v_rooms_6,
          nicolae_vaults_house_2, nicolae_vaults_circle_grid_b, v_misc_11,
          ontoclasm_vaults_hangar, v_misc_22, nicolae_vaults_mini_display_case,
          layout_vaults_quadrants, serial_shops, shop_coins
Vaults:3: gammafunk_ghost_ooze, minmay_crypt_entry_simple_sparse,
          vaults_room_large_hall, vaults_mumra_hexcomb,
          nicolae_vaults_closet_pinwheel_4, vaults_room_semicircle,
          vaults_standard_mumra_enter_the_diamond, v_alt_pattern_5,
          nicolae_vaults_turnstiles, nicolae_vaults_sealed_display,
          vaults_dpeg_hooks, layout_vaults_omnicross
Vaults:4: v_pattern_5, nicolae_vaults_swerve, nicolae_vaults_security_offices_4,
          nicolae_vaults_little_squares_6, v_misc_1, nicolae_vaults_house_3,
          nicolae_vaults_tangram_1, vaults_standard_mumra_x,
          grunt_vaults_hallway_long, nicolae_vaults_wine_cellar,
          layout_vaults_maze_bifur
Depths:1: layout_small_grid, enter_ziggurat_a, pf_coc_iceberg,
          grunt_pan_entry_in_and_out, nicolae_sif_muna_little_library,
          uniq_enchantress
Depths:2: minmay_the_grid_ultimate [minmay_the_grid_prize_big_room,
          minmay_the_grid_prize_diamond_cup,
          minmay_the_grid_prize_shrinking_boxes,
          minmay_the_grid_prize_four_corners,
          minmay_the_grid_square_5x5_pentomino_r,
          minmay_the_grid_square_5x5_half_checkered,
          minmay_the_grid_square_5x5_dogpile,
          minmay_the_grid_square_5x5_doubleslash,
          minmay_the_grid_square_5x5_inverted_slash,
          minmay_the_grid_square_5x5_gyroscope,
          minmay_the_grid_square_5x5_seven,
          minmay_the_grid_square_5x5_misaligned,
          minmay_the_grid_square_5x5_two_walls_b,
          minmay_the_grid_square_5x5_corner, minmay_the_grid_square_5x5_minimal,
          minmay_the_grid_square_5x5_comb,
          minmay_the_grid_square_5x5_checkered_statues,
          minmay_the_grid_square_5x5_tetrominoes,
          minmay_the_grid_square_5x5_shuriken,
          minmay_the_grid_triangle_9x9_thin_v,
          minmay_the_grid_triangle_9x9_longest,
          minmay_the_grid_triangle_9x9_tough_junction,
          minmay_the_grid_triangle_9x9_sparse_checkered,
          minmay_the_grid_triangle_9x9_stretched_checkered,
          minmay_the_grid_triangle_9x9_zippers_horizontal,
          minmay_the_grid_triangle_9x9_empty,
          minmay_the_grid_triangle_9x9_negative_grid,
          minmay_the_grid_triangle_9x9_odd_lines,
          minmay_the_grid_triangle_9x9_impossible_snake,
          minmay_the_grid_triangle_9x9_shrine,
          minmay_the_grid_triangle_9x9_steps,
          minmay_the_grid_triangle_9x9_alien,
          minmay_the_grid_triangle_9x9_subtriangle,
          minmay_the_grid_triangle_9x9_flanged_cone,
          minmay_the_grid_triangle_9x9_sprig,
          minmay_the_grid_square_5x5_three_walls,
          minmay_the_grid_octo_tetromino_candy, minmay_the_grid_octo_pinwheel,
          minmay_the_grid_octo_toaster, minmay_the_grid_octo_shrine,
          minmay_the_grid_octo_checkerflower, minmay_the_grid_octo_clover_2,
          minmay_the_grid_octo_clover, minmay_the_grid_octo_teeth,
          minmay_the_grid_outer_diamond, minmay_the_grid_spin_star,
          minmay_the_grid_tri_star, minmay_the_grid_square_x], hell_entry,
          pan_entry
Depths:3: nicolae_cairo_tiling_very_big, layout_gridlike, pan_entry,
          marbit_kobold_abyss_entry, hell_entry, chequers_serial_rivers_micro_a,
          fedhas_altar_3, uniq_grunn
Depths:4: grunt_zot_entry_funnels, layout_honeycomb, hellmouth_3,
          grunt_dithmenos_smoke_and_mirrors
Zot:1:    gammafunk_the_bubble [the_bubble_gammafunk_split],
          layout_onion_interference
Zot:2:    layout_concentric_octagons
Zot:3:    lemuel_draconian_sentries_small, layout_onion_interference,
          lemuel_elevator, grunt_megastairs_5
Zot:4:    layout_basic, evilmike_ambush [evilmike_ambush_outer_pillars,
          evilmike_ambush_inner_pond]
Zot:5:    layout_basic

Skill      XL: |  1  2  3  4  5  6  7  8  9 10 11 12 13 14 15 16 17 18 19 20 21 22 23 24 25 |
---------------+----------------------------------------------------------------------------+-----
Maces & Flails | 2 3 6 7 8 10 12 13 15 17 18 19 20 | 20.0
Fighting       | 2 4 5 7 10 12 14 15 17 18 19 20 21 23 24 | 24.8
Invocations    | 1 2 4 5 6 8 9 10 12 13 18 20 21 22 24 26 | 26.8
Armour         | 3 7 10 12 14 15 17 18 19 20 21 23 24 | 24.8
Evocations     | 3 4 5 7 9 10 | 10.0
Dodging        | 6 10 11 12 13 17 19 | 19.9
Stealth        | 1 4 6 |  6.0

Action                     |  1- 3 |  4- 6 |  7- 9 | 10-12 | 13-15 | 16-18 | 19-21 | 22-24 | 25-27 || total
---------------------------+-------+-------+-------+-------+-------+-------+-------+-------+-------++-------
  Melee: Club              |    62 |     1 |       |       |       |       |       |       |       ||    63
         Headbutt          |    14 |    19 |    55 |   161 |   232 |   195 |   428 |   434 |   161 ||  1699
         Mace              |       |    92 |       |       |       |       |       |       |       ||    92
         Flail             |       |    40 |   218 |       |       |       |       |       |       ||   258
         Punch             |       |     1 |     4 |       |       |       |       |       |       ||     5
         Dire flail        |       |       |    90 |   485 |       |       |       |       |       ||   575
         Great mace        |       |       |       |   211 |   903 |   790 |  1347 |  1279 |   492 ||  5022
         Battleaxe         |       |       |       |       |       |       |    15 |     6 |       ||    21
 Invoke: Heal Other        |       |       |       |     1 |     4 |    10 |     6 |     6 |       ||    27
         Purification      |       |       |       |       |     2 |       |     1 |       |       ||     3
         Heal Self         |       |       |       |       |       |       |     5 |     5 |     3 ||    13
         Divine Vigour     |       |       |       |       |       |       |       |     1 |     5 ||     6
  Evoke: Wand              |     6 |    10 |     6 |    24 |     9 |       |     5 |    18 |     8 ||    86
         Lightning rod     |       |       |       |       |       |       |     4 |     4 |       ||     8
         Condenser vane    |       |       |       |       |       |       |     1 |       |       ||     1
         Box of beasts     |       |       |       |       |       |       |       |       |     1 ||     1
    Use: Scroll            |       |       |    17 |     6 |    17 |     7 |     9 |    11 |     9 ||    76
         Potion            |       |       |       |     3 |     3 |     3 |    12 |    10 |    14 ||    45
   Stab: Paralysed         |       |       |       |     4 |     2 |       |       |       |       ||     6
         Distracted        |       |       |       |       |     8 |    17 |    33 |    25 |     9 ||    92
         Sleeping          |       |       |       |       |     6 |     5 |     6 |       |       ||    17
         Invisible         |       |       |       |       |       |       |       |     4 |     2 ||     6
         Petrifying        |       |       |       |       |       |       |       |     1 |       ||     1
 Armour: Leather armour    |     9 |       |       |       |       |       |       |       |       ||     9
         Chain mail        |     9 |    56 |    85 |   137 |   161 |       |       |       |       ||   448
         Skin              |       |       |     3 |       |       |       |       |       |       ||     3
         Plate armour      |       |       |    89 |   210 |     7 |       |       |       |       ||   306
         Pearl dragon scal |       |       |       |       |   217 |   381 |   749 |   708 |   283 ||  2338
  Dodge: Dodged            |    23 |    34 |   174 |   299 |   579 |   448 |   692 |  1025 |   409 ||  3683

Table legend: (Time is in decaauts)
 A = Elapsed time spent in this place.
 B = Non-inter-level travel time spent in this place.
 C = Inter-level travel time spent in this place.
 D = Time resting spent in this place.
 E = Time spent auto-exploring this place.
 F = Levels seen in this place.
 G = Mean time per level.
                   A        B        C        D        E       F      G
               +--------+--------+--------+--------+--------+-----+--------+
         Total |  60680 |  57410 |   3270 |  12626 |  30591 |  50 | 1213.6 |
       Dungeon |  17950 |  16525 |   1425 |   3392 |   9600 |  15 | 1196.7 |
          Lair |   7184 |   6752 |    432 |   1504 |   4108 |   5 | 1436.8 |
        Shoals |   3956 |   3795 |    161 |    574 |   2193 |   4 |  989.0 |
     Snake Pit |   5087 |   4840 |    247 |    947 |   2640 |   4 | 1271.8 |
  Orcish Mines |   2506 |   2272 |    234 |    771 |    959 |   2 | 1253.0 |
        Vaults |   5334 |   5035 |    299 |    273 |   3550 |   4 | 1333.5 |
        Depths |   7674 |   7416 |    258 |   1707 |   3520 |   4 | 1918.5 |
           Zot |   8474 |   8263 |    211 |   2843 |   3747 |   5 | 1694.8 |
         Abyss |   1616 |   1616 |      0 |    165 |    170 |   4 |  404.0 |
        Bazaar |    132 |    132 |      0 |     40 |     52 |   1 |  132.0 |
        Bailey |    555 |    555 |      0 |    280 |     51 |   1 |  555.0 |
      Ice Cave |    207 |    207 |      0 |    126 |      0 |   1 |  207.0 |
               +--------+--------+--------+--------+--------+-----+--------+

Top non-repeatable levels by time:
   Zot:3: 3122 daAuts
Depths:2: 3119 daAuts
  Lair:5: 1793 daAuts
    D:13: 1704 daAuts
     D:6: 1701 daAuts
Depths:3: 1569 daAuts
   Zot:5: 1547 daAuts
Depths:4: 1545 daAuts
Vaults:2: 1503 daAuts
  Lair:4: 1479 daAuts
    D:10: 1463 daAuts
Depths:1: 1440 daAuts
     D:5: 1432 daAuts
  Lair:1: 1399 daAuts
   Orc:2: 1389 daAuts
